 Dungeon Crawl Stone Soup version 0.31-a0-728-g01b46875f1 (webtiles) character file.

Game seed: 358775979092673534

1861 Newt the Fighter (level 9, -6/60 HPs)
             Began as a Gargoyle Fighter on Sept 11, 2023.
             Mangled by Maggie
             ... wielding the +9 lance "Wyrmbane" {slay drac, rPois rF+ rC+ AC+3}
              (13 damage)
             ... on level 6 of the Dungeon.
             The game lasted 00:05:15 (3488 turns).

Newt the Fighter (Gargoyle Fighter)                 Turns: 3488, Time: 00:05:15

Health: -6/60      AC: 28    Str: 24    XL:     9   Next: 13%
Magic:  9/9        EV:  9    Int:  9    God:
Gold:   309        SH:  5    Dex:  9    Spells: 8/8 levels left

rFire   + . .        t - +1 flail (protect)
rCold   + . .        c - +1 buckler
rNeg    + . .        b - +0 scale mail
rPois   ∞            l - +0 helmet
rElec   +            g - scarf {rC+ rF+}
rCorr   .            p - +0 pair of gloves
SInv    .            f - +0 pair of boots
Will    .....        r - amulet of faith Stlth
                     j - +4 ring of protection
HPRegen 0.30/turn    (no ring)
MPRegen 0.11/turn

%: faith
@: under a protective aura, mesmerised
A: sickness immunity, AC +6, negative energy resistance 1, electricity
resistance, torment resistance 1, petrification resistance
a: no special abilities


You were on level 6 of the Dungeon.
You visited 1 branch of the dungeon, and saw 6 of its levels.

You collected 309 gold pieces.

Inventory:

Hand Weapons
 a - a +1 flail
 n - a +2 whip of freezing
 t - a +1 flail of protection (weapon)
Missiles
 w - 6 boomerangs
Armour
 b - a +0 scale mail (worn)
 c - a +1 buckler (worn)
 f - a +0 pair of boots (worn)
 g - a scarf of resistance (worn)
 k - the +2 pair of gloves "Ukadaak" {rPois}
   (You found it on level 3 of the Dungeon)

   rPois:     It protects you from poison
 l - a +0 helmet (worn)
 p - a +0 pair of gloves (worn)
Jewellery
 j - a +4 ring of protection (left hand)
 r - an amulet of faith (around neck)
Scrolls
 d - a scroll of enchant weapon
 i - a scroll of fog
 m - 2 scrolls of identify
 q - a scroll of vulnerability
 s - a scroll of enchant armour
Potions
 e - 2 potions of degeneration
 u - a potion of cancellation
 v - a potion of mutation


   Skills:
 - Level 9.0 Fighting
 + Level 8.3 Maces & Flails
 - Level 5.0 Armour
 - Level 3.2 Shields


You had 8 spell levels left.
You didn't know any spells.
Your spell library contained the following spells:

 Spells                   Type           Power      Damage    Failure   Level
 Kiss of Death            Conj/Necr      0%         2d5       75%         1
 Confusing Touch          Hex            0%         N/A       98%         3
 Dazzling Flash           Conj/Hex       0%         N/A       98%         3
 Volatile Blastmotes      Fire/Tloc      0%         2d10      98%         3
 Dispel Undead            Necr           0%         3d6       100%        4
 Starburst                Conj/Fire      0%         6d3       100%        6
 Maxwell's Capacitive Co  Air            0%         ∞         100%        8


Dungeon Overview and Level Annotations

Branches:
Dungeon (6/15)
 Temple: D:4-7

Altars:

Shops:
D:5 :

Annotations:
D:6 Maggie


Innate Abilities, Weirdness & Mutations

You are immune to sickness and miasma.
Your stone body is resilient. (AC +6)
You are immune to poison.
You resist negative energy. (rN+)
You are resistant to electric shocks. (rElec)
You are resistant to unholy torment.
You are immune to petrification.


Message History

Okay, then.
As you read the scroll of fog, it dissolves into smoke.
Maggie gestures at you while chanting. The bolt of fire hits you! You resist.
* * * LOW HITPOINT WARNING * * *
Unknown command.
You cannot move away from Maggie!
Unknown command.
You cannot move away from Maggie!
You thump Maggie!
Your weapon exudes an aura of protection.
Maggie is heavily wounded.
Maggie completely misses you.
Unknown command.
You sock Maggie!
Maggie is heavily wounded.
Maggie closely misses you.
Unknown command.
You thump Maggie!
Maggie is severely wounded.
Maggie gestures wildly while chanting.
Maggie draws you further into her thrall.
Unknown command.
You hit Maggie.
Maggie is severely wounded.
You block Maggie's attack.
Unknown command.
You hit Maggie.
Maggie is almost dead.
Maggie casts a spell at you.
The bolt of fire hits you but does no damage.
Unknown command.
You hit Maggie.
Maggie is almost dead.
Maggie hits you but does no damage.
Unknown command.
You hit Maggie but do no damage.
Maggie is almost dead.
Maggie hits you with the +9 lance "Wyrmbane" {slay drac, rPois rF+ rC+ AC+3}!
You die...

#### .......
.......# .......#
..!..[.#############
..(....s@@§§.†....#
.....#§#########.#
####.#........#
#...#######.# #8.♣#
#...# #8.♣# #...#
#8.♣#


You could see Maggie (mesmerising) and a scorpion.

Vanquished Creatures
  Pikel (D:4)
  Sigmund (D:4)
  A steam dragon (D:6)
  2 ice beasts
  3 black bears
  A bullfrog (D:5)
  A scorpion (D:5)
  A jelly (D:5)
  A gnoll bouda (D:5)
  An orc priest (D:5)
  A hound (D:6)
  A sleepcap (D:5)
  6 iguanas
  An orc wizard (D:5)
  8 gnolls
  6 adders
  A shadow imp (D:5)
  A white imp (D:5)
  2 worms (D:2)
  2 dart slugs
  12 orcs
  3 ball pythons
  4 bats
  3 endoplasms
  5 giant cockroaches
  9 goblins
  10 hobgoblins
  3 jackals (D:2)
  3 kobolds (D:4)
  2 quokkas
  5 frilled lizards
  4 rats
105 creatures vanquished.

Notes
Turn   | Place    | Note
-------+----------+-------------------------------------------
     0 | D:1      | Newt the Gargoyle Fighter began the quest for the Orb.
     0 | D:1      | Reached XP level 1. HP: 14/14 MP: 1/1
   131 | D:1      | Reached XP level 2. HP: 20/20 MP: 2/2
   359 | D:1      | Reached skill level 4 in Fighting
   586 | D:2      | Reached XP level 3. HP: 24/24 MP: 3/3
   734 | D:2      | Reached skill level 5 in Fighting
  1072 | D:2      | Found a faded altar of an unknown god.
  1414 | D:3      | Identified the +2 pair of gloves "Ukadaak" {rPois}
  1454 | D:3      | Reached XP level 4. HP: 30/31 MP: 4/4
  1961 | D:3      | Reached XP level 5. HP: 28/35 MP: 5/5
  2149 | D:4      | Noticed Sigmund
  2155 | D:4      | Killed Sigmund
  2156 | D:4      | Reached skill level 5 in Maces & Flails
  2156 | D:4      | Reached XP level 6. HP: 39/40 MP: 6/6
  2174 | D:4      | Noticed an ice beast
  2186 | D:4      | Killed an ice beast
  2187 | D:4      | Reached skill level 5 in Armour
  2214 | D:4      | Noticed Pikel
  2242 | D:4      | Killed Pikel
  2243 | D:4      | Reached skill level 8 in Fighting
  2243 | D:4      | Reached XP level 7. HP: 45/49 MP: 7/7
  2243 | D:4      | Reached XP level 8. HP: 50/54 MP: 8/8
  2593 | D:5      | Entered Level 5 of the Dungeon
  2634 | D:5      | Reached skill level 9 in Fighting
  2881 | D:5      | Found Iskeilah's Book Boutique.
  3142 | D:5      | Reached XP level 9. HP: 60/60 MP: 9/9
  3438 | D:6      | Noticed Maggie
  3488 | D:6      | Mangled by Maggie

Illustrated notes

Levels and vault maps discovered:
D:1:      wander_arrival_fairy_ring, layout_basic, minmay_hexomino_u4
D:2:      layout_basic, dreamdust_ecumenical_altar_hidden_monk_grotto,
          chequers_serial_rivers_micro_c, minmay_pentomino_pile
D:3:      layout_basic, guppyfry_early_orc_mine
D:4:      layout_rooms, uniq_pikel, uniq_sigmund
D:5:      layout_rooms, serial_shops, shop
D:6:      layout_basic, minmay_temple_entry_slanted, gammafunk_ghost_arena,
          chequers_avenue, kennysheep_generic_room_11, uniq_maggie

Skill      XL: |  1  2  3  4  5  6  7  8  9 |
---------------+----------------------------+-----
Fighting       | 4 5 8 9 |  9.0
Maces & Flails | 3 5 7 8 |  8.3
Armour         | 4 5 |  5.0
Shields        | |  3.2

Action                     |  1- 3 |  4- 6 |  7- 9 || total
---------------------------+-------+-------+-------++-------
  Melee: Flail             |   117 |    90 |   101 ||   308
         Whip              |       |       |   160 ||   160
  Throw: Dart              |       |       |     5 ||     5
    Use: Scroll            |     9 |       |     4 ||    13
         Potion            |       |     2 |     3 ||     5
 Armour: Scale mail        |    80 |    55 |   250 ||   385
  Dodge: Dodged            |    53 |    49 |   130 ||   232
  Block: Buckler           |    21 |    24 |    67 ||   112

Table legend: (Time is in decaauts)
 A = Elapsed time spent in this place.
 B = Non-inter-level travel time spent in this place.
 C = Inter-level travel time spent in this place.
 D = Time resting spent in this place.
 E = Time spent auto-exploring this place.
 F = Levels seen in this place.
 G = Mean time per level.
                   A        B        C        D        E       F      G
               +--------+--------+--------+--------+--------+-----+--------+
         Total |   3525 |   3337 |    188 |    120 |   2313 |   6 |  587.5 |
       Dungeon |   3525 |   3337 |    188 |    120 |   2313 |   6 |  587.5 |
               +--------+--------+--------+--------+--------+-----+--------+

Top non-repeatable levels by time:
     D:3: 949 daAuts
     D:5: 725 daAuts
     D:2: 695 daAuts
     D:1: 528 daAuts
     D:4: 483 daAuts
     D:6: 143 daAuts
